 Dungeon Crawl Stone Soup version 0.17-a0-1409-ge6d9485 (webtiles) character file.

9023 bal the Covert (level 11, -4/54 HPs)
             Began as a Vine Stalker Assassin on June 22, 2015.
             Was a Priest of Yredelemnul.
             Slain by a wolf (6 damage)
             ... on level 1 of the Lair of Beasts.
             The game lasted 00:46:10 (8559 turns).

bal the Covert (Vine Stalker Assassin)              Turns: 8559, Time: 00:46:11

Health: -4/54      AC:  7    Str: 14    XL:     11   Next: 40%
Magic:  0/23       EV: 18    Int: 12    God:    Yredelemnul [***...]
Gold:   412        SH:  0    Dex: 22    Spells: 0 memorised, 10 levels left

rFire  . . .     SeeInvis .     a - +1 short sword "Gerhec" {pierce, MR+ MP+9}
rCold  + . .     Clarity  .     P - +3 robe "Vuavvimy" {rC+ Dex+4}
rNeg   . . .     SustAt   .     (no shield)
rPois  +         Gourm    .     (no helmet)
rElec  .         Spirit   +     I - +0 cloak {rPois}
rCorr  .         Warding  .     q - +0 pair of gloves
rMut   .         Stasis   .     (no boots)
MR     ++...                    (no amulet)
Stlth  ++++++....               H - ring of poison resistance
                                r - +6 ring of slaying

@: injury mirror, very resistant to hostile enchantments, very stealthy
A: fangs 3, regeneration 2, magic shield, antimagic bite, no device heal 3, rot
immunity
a: Animate Dead, Recall Undead Slaves, Injury Mirror, Renounce Religion


You were on level 1 of the Lair of Beasts.
You worshipped Yredelemnul.
Yredelemnul was most pleased with you.
You were not hungry.

You visited 2 branches of the dungeon, and saw 11 of its levels.

You collected 564 gold pieces.
You spent 152 gold pieces at shops.

Inventory:

Hand weapons
 a - the +1 short sword "Gerhec" (weapon) {pierce, MR+ MP+9}
   (You bought it in a shop on level 9 of the Dungeon)

   It inflicts extra damage upon your enemies.
   It affects your resistance to hostile enchantments.
   It affects your magic capacity (+9).
 b - a +4 arbalest
 s - a +0 blowgun
 y - a +0 hunting sling
 A - a +3 dagger
 B - a +0 falchion of slicing
 C - a +3 dagger
 G - a +0 quick blade
Missiles
 e - 75 poisoned needles
 f - 2 curare-tipped needles
 t - 3 tomahawks (quivered)
 w - 88 bolts
 K - 12 poisoned bolts
 Q - a throwing net
Armour
 c - a +0 robe of magic resistance
 q - a +0 pair of gloves (worn)
 I - a +0 cloak of poison resistance (worn)
 P - the +3 robe "Vuavvimy" (worn) {rC+ Dex+4}
   (You found it on level 1 of the Lair of Beasts)

   It affects your dexterity (+4).
   It protects you from cold.
Jewellery
 n - an uncursed ring of positive energy
 r - a +6 ring of slaying (left hand)
 u - a +3 ring of dexterity
 E - an uncursed ring of positive energy
 H - a ring of poison resistance (right hand)
Magical devices
 j - a wand of paralysis (6)
 v - a wand of lightning (3)
 D - a wand of fire (0)
 F - a wand of paralysis (6)
 N - a wand of flame (3)
 O - a wand of cold (3)
 R - a wand of paralysis (8)
Scrolls
 d - a scroll of magic mapping
 h - a scroll of fog
 l - 3 scrolls of teleportation
 o - a scroll of remove curse
 p - a scroll of recharging
 M - 2 scrolls of identify
Potions
 i - 4 potions of curing
 x - 4 potions of haste
 z - 3 potions of might
Comestibles
 g - 2 bread rations
 k - 4 meat rations
 m - a slice of pizza
 J - 2 royal jellies
 L - 4 beef jerkies


   Skills:
 + Level 4.5 Fighting
 + Level 4.0(4.1) Short Blades
 + Level 1.5(3.0) Long Blades
 + Level 8.0 Crossbows
 + Level 2.8 Throwing
 + Level 3.9 Armour
 + Level 6.1 Dodging
 + Level 11.8 Stealth
 + Level 3.8 Invocations
 + Level 3.1 Evocations


You had 10 spell levels left.
You didn't know any spells.

Dungeon Overview and Level Annotations

Branches:
Dungeon (9/15)             Temple (0/1) D:7            Lair (2/8) D:9
    Orc: D:9-12

Altars:
Ashenzari
Cheibriados
Elyvilon
Gozag
Kikubaaqudgha
Okawaru
Sif Muna
Trog
Xom
Yredelemnul
Zin
The Shining One

Shops:
D:6 (   D:9 %(*[

Annotations:
D:5 Boomshaker's ghost, experienced HOFi
D:6 1 runed door
Lair:2 Fannar


Innate Abilities, Weirdness & Mutations

You have razor-sharp teeth.
You heal very quickly.
When hurt, damage is shared between your health and your magic reserves.
Your bite disrupts and absorbs the magic of your enemies.
Potions and wands cannot restore your health.
You are immune to rotting.


Message History

The yak gores your five-headed hydra zombie.
Your spiny frog zombie closely misses the yak.
The wolf closely misses you.
You swap places.
The wolf closely misses your crocodile zombie.
The wolf bites you.
* * * LOW HITPOINT WARNING * * *
Yredelemnul mirrors your injury!
The wolf is moderately wounded.
Your crocodile zombie barely misses the wolf.
The wolf bites your crocodile zombie.
Your five-headed hydra zombie bites the yak!
The yak dies!
Yredelemnul accepts your kill.
Your iguana zombie misses the wolf.
The wolf closely misses you.
The wolf barely misses your crocodile zombie.
The wolf bites you!
You die...
Your body rises from the dead as a mindless zombie.

.........##......................
..Z......####...............Z....
#Z........##................Z....
#Z........####.<...>......[...#..
Z..........# #..............Z##..
...........####..†..........Z##..
............##...ZZh......##Z.#..
.............#.#ZhZ.......#...##.
.#..........##..@.....#######..#.
#.............##.###### #...##
##...........##### ######.#.##
##...........# ####.#P####..#
##........### ##........##P..
###......# ###..........##.#
###..### ##................ #Z.#
##................. ##Z.#
###..................


You could see 2 wolves, a friendly iguana zombie, a friendly crocodile zombie, a
friendly five-headed hydra zombie and a friendly spiny frog zombie.

Vanquished Creatures
  Pikel (D:8)
  Maurice (D:8)
  A black mamba (D:9)
  5 blink frogs (Lair:1)
  Sigmund (D:2)
  2 yaks
  A hungry ghost (D:8)
  A deep elf fighter (D:9)
  Grum (D:8)
  3 water moccasins (Lair:1)
  A porcupine (Lair:1)
  2 phantoms (D:7)
  4 wolves (D:8)
  An orc warrior (D:6)
  A slave (D:8)
  A necrophage (D:6)
  2 sky beasts
  A black bear (D:7)
  2 ice beasts
  3 centaurs
  4 ogres
  3 big kobolds (D:9)
  A wyvern zombie (D:7)
  3 giant frogs
  A water moccasin zombie (D:6)
  A scorpion (D:4)
  A killer bee (D:6)
  4 wights (D:6)
  A centaur zombie (D:5)
  5 hounds
  2 crimson imps
  A giant frog zombie (D:8)
  A giant frog skeleton (D:9)
  4 jellies
  9 orc wizards
  4 iguanas
  An orc priest (D:5)
  13 worker ants
  A hound zombie (D:5)
  2 hound skeletons
  4 adders
  10 river rats
  2 shadow imps
  4 oozes
  4 worms
  2 giant geckos (D:5)
  24 orcs
  A ball python (D:4)
  23 bats
  A bat skeleton (D:6)
  A bat zombie (D:7)
  5 giant cockroaches
  12 goblins
  10 hobgoblins
  12 jackals
  35 kobolds
  2 quokkas
  A giant gecko skeleton (D:5)
  5 giant newts
  A jackal skeleton (D:4)
  A quokka skeleton (D:5)
  14 rats
  3 rat zombies (D:4)
274 creatures vanquished.

Vanquished Creatures (collateral kills)
  A hydra (Lair:1)
  2 spiny frogs (Lair:1)
  2 water moccasins (Lair:1)
  A hippogriff (Lair:1)
  A wolf (Lair:1)
  2 yaks (Lair:1)
  A porcupine (Lair:1)
  2 crocodiles (Lair:1)
  An iguana (Lair:1)
  A hound skeleton (D:9)
  A shadow imp (D:9)
  A bat (D:9)
  A kobold (D:9)
  A rat (D:9)
18 creatures vanquished.

Vanquished Creatures (others)
  A slave (D:8)
  3 blink frog zombies (Lair:1)
  A water moccasin zombie (Lair:1)
  A yak zombie (Lair:2)
  A porcupine zombie (Lair:1)
  An ogre zombie (D:9)
  A shadow imp (D:8)
  A jackal zombie (D:9)
  2 kobold zombies (D:9)
  An orc zombie (D:9)
  2 rat zombies (D:9)
  3 river rat zombies
  A fungus (D:9)
19 creatures vanquished.

Grand Total: 311 creatures vanquished

Notes
Turn   | Place    | Note
--------------------------------------------------------------
     0 | D:1      | bal the Vine Stalker Assassin began the quest for the Orb.
     0 | D:1      | Reached XP level 1. HP: 11/11 MP: 2/2
    85 | D:1      | Reached skill level 5 in Stealth
   216 | D:1      | Reached XP level 2. HP: 15/15 MP: 3/3
   738 | D:2      | Reached XP level 3. HP: 18/18 MP: 4/4
   788 | D:2      | Noticed Sigmund
   790 | D:2      | Killed Sigmund
   790 | D:2      | Reached skill level 6 in Stealth
   790 | D:2      | Reached XP level 4. HP: 21/23 MP: 5/5
   790 | D:2      | Reached XP level 5. HP: 24/27 MP: 6/6
  1322 | D:3      | Reached skill level 7 in Stealth
  1322 | D:3      | Gained mutation: You heal very quickly. [Vine Stalker growth]
  1322 | D:3      | Reached XP level 6. HP: 32/32 MP: 7/7
  1916 | D:4      | Found a shimmering altar of Xom.
  1944 | D:4      | Found a glowing silver altar of Zin.
  1953 | D:4      | Found a deep blue altar of Sif Muna.
  1956 | D:4      | Found a white marble altar of Elyvilon.
  2173 | D:4      | Reached XP level 7. HP: 16/35 MP: 8/8
  2239 | D:4      | Reached skill level 8 in Stealth
  2362 | D:4      | Reached skill level 1 in Armour
  2450 | D:4      | Found an ancient bone altar of Kikubaaqudgha.
  2561 | D:5      | Entered Level 5 of the Dungeon
  2580 | D:5      | Found a snail-covered altar of Cheibriados.
  2738 | D:5      | Reached skill level 9 in Stealth
  2868 | D:5      | Gained mutation: You have razor-sharp teeth. [Vine Stalker growth]
  2868 | D:5      | Reached XP level 8. HP: 16/39 MP: 5/9
  3066 | D:5      | Noticed Boomshaker's ghost (experienced HOFi)
  3382 | D:6      | Reached skill level 10 in Stealth
  3499 | D:6      | Found a runed door.
  3511 | D:6      | Found a runed door.
  3539 | D:6      | Found an opulent altar of Gozag.
  3611 | D:6      | Reached skill level 1 in Crossbows
  3913 | D:6      | Found Feafudusung's Antique Weapon Shop.
  4074 | D:6      | Found a shattered altar of Ashenzari.
  4107 | D:6      | Found a glowing golden altar of the Shining One.
  4250 | D:6      | Reached XP level 9. HP: 44/44 MP: 10/10
  4524 | D:7      | Found a staircase to the Ecumenical Temple.
  4766 | D:7      | Found a bloodstained altar of Trog.
  5373 | D:8      | Noticed Grum
  5379 | D:8      | Noticed Maurice
  5386 | D:8      | Found an iron altar of Okawaru.
  5465 | D:8      | Found a basalt altar of Yredelemnul.
  5484 | D:8      | Noticed Pikel
  5496 | D:8      | Killed Pikel
  5496 | D:8      | Reached skill level 5 in Crossbows
  5496 | D:8      | Reached skill level 11 in Stealth
  5496 | D:8      | Reached skill level 1 in Evocations
  5610 | D:8      | Became a worshipper of Yredelemnul the Dark
  5654 | D:8      | Reached XP level 10. HP: 49/49 MP: 11/11
  5683 | D:8      | Killed Maurice
  5789 | D:8      | Killed Grum
  5922 | D:8      | Reached skill level 1 in Long Blades
  6077 | D:6      | Reached skill level 5 in Dodging
  6221 | D:9      | Acquired Yredelemnul's first power
  6406 | D:9      | Found Neihats's Food Shop.
  6511 | D:9      | Acquired Yredelemnul's second power
  6895 | D:9      | Found Herer's Antique Weapon Shoppe.
  6900 | D:9      | Bought an ichor-stained short sword for 152 gold pieces
  6926 | D:9      | Found Sufi's General Store.
  6954 | D:9      | Reached skill level 1 in Invocations
  7160 | D:9      | Found Pofiwk's Armour Shoppe.
  7240 | D:9      | Found a staircase to the Lair.
  7253 | D:9      | Noticed a black mamba
  7260 | D:9      | Killed a black mamba
  7412 | Lair:1   | Entered Level 1 of the Lair of Beasts
  7485 | Lair:1   | Reached XP level 11. HP: 29/54 MP: 6/13
  7819 | Lair:1   | Identified the +1 short sword "Gerhec" {pierce, MR+ MP+9} (You bought it in a shop on level 9 of the Dungeon)
  7826 | Lair:1   | Acquired Yredelemnul's third power
  7831 | Lair:1   | Got a shimmering robe
  7832 | Lair:1   | Identified the +3 robe "Vuavvimy" {rC+ Dex+4} (You found it on level 1 of the Lair of Beasts)
  7991 | Lair:1   | You fall through a shaft!
  8310 | Lair:1   | Noticed a five-headed hydra
  8315 | Lair:1   | Killed a five-headed hydra
  8536 | Lair:2   | Noticed Fannar
  8558 | Lair:1   | HP: 2/54 [wolf (4)]
  8559 | Lair:1   | Slain by a wolf

Vault maps used:
D:1:      dpeg_arrival_houses_and_road, minmay_statues_item, feat_on_display
D:2:      minmay_misc_feat_chi, uniq_sigmund
D:3:      first_bread
D:4:      lemuel_zombie_altar_kikubaaqudgha, xom_teletrap_fun, minitemple
D:5:      slow_altar_1, minmay_misc_feat_secret_circle
D:6:      lemuel_insect_pit, kennysheep_little_box, grunt_gozag_breadcrumbs,
          basic_altar, serial_shops, kennysheep_mini_moat,
          roderic_bali_sauvastika
D:7:      black_bear_nest_1, kennysheep_mini, minmay_temple_entry_grid
D:8:      yredelemnul_altar_generic, overflow_temple_1_default, serial_aquarium,
          aquarium_bridge_straight, aquarium_window_fake, aquarium_window_fake,
          aquarium_window_fake, aquarium_window_fake, aquarium_view_2a,
          aquarium_view_2c, aquarium_balcony_5b, aquarium_pool_S, uniq_pikel,
          uniq_maurice, uniq_grum
D:9:      grunt_lair_entry_elf_guard_hut, serial_shops, shop_fountains,
          nicolae_shop_statue_plus, nicolae_shop_stone, shop
Lair:1:   minivault_26
Lair:2:   eino_house_with_fridge, bh_autumn_forest_stairs, grunt_megastairs_2,
          lemuel_fruit_fields, uniq_fannar, uniq_gastronok

Action                   |  1- 3 |  4- 6 |  7- 9 | 10-12 || total
-------------------------+-------+-------+-------+-------++-------
Melee: Dagger            |    80 |   106 |   106 |    31 ||   323
       Falchion          |       |       |     9 |    32 ||    41
       Arbalest          |       |       |       |     1 ||     1
       Short sword       |       |       |       |    12 ||    12
 Fire: Blowgun           |       |     4 |     2 |       ||     6
       Arbalest          |       |       |    99 |   118 ||   217
Throw: Tomahawk          |       |       |     9 |     9 ||    18
Invok: Animate Remains   |       |       |       |    15 ||    15
       Animate Dead      |       |       |       |     5 ||     5
       Recall Undead Sla |       |       |       |     3 ||     3
       Injury Mirror     |       |       |       |     1 ||     1
Evoke: Wand              |       |       |     8 |    24 ||    32
  Use: Scroll            |       |       |    18 |     9 ||    27
       Potion            |       |       |     9 |     1 ||    10
 Stab: Sleeping          |     7 |    15 |    16 |     6 ||    44
       Distracted        |       |       |     1 |       ||     1
       Paralysed         |       |       |       |     3 ||     3
  Eat: Chunk             |       |     4 |       |       ||     4
       Fruit             |       |       |     3 |       ||     3
       Beef jerky        |       |       |     2 |       ||     2
       Meat ration       |       |       |     2 |     1 ||     3
       Bread ration      |       |       |       |     1 ||     1
